 Dungeon Crawl Stone Soup version 0.31.0-11-ge490571c62 (webtiles) character file.

Game seed: 12509392406206661935

18 qw the Shooter (level 2, -4/16 HPs)
             Began as a Deep Elf Hunter on Feb 3, 2024.
             Killed from afar by Sigmund (9 damage)
             ... with a magic dart
             ... on level 2 of the Dungeon.
             The game lasted 00:00:02 (990 turns).

qw the Shooter (Deep Elf Hunter)                     Turns: 990, Time: 00:00:02

Health: -4/16      AC:  4    Str:  8    XL:     2   Next: 51%
Magic:  4/4        EV: 12    Int: 13    God:
Gold:   19         SH:  0    Dex: 18    Spells: 1/1 levels left

rFire   . . .        d - +0 shortbow (drain)
rCold   . . .        (shield currently unavailable)
rNeg    . . .        c - +0 leather armour
rPois   .            (no helmet)
rElec   .            (no cloak)
rCorr   .            (no gloves)
SInv    .            i - +0 pair of boots
Will    .....        (no amulet)
Stlth   ++           (no ring)
HPRegen 0.22/turn    (no ring)
MPRegen 0.09/turn

%: no passive effects
@: no status effects
A: no striking features
a: no special abilities


You were on level 2 of the Dungeon.
You visited 1 branch of the dungeon, and saw 2 of its levels.

You collected 19 gold pieces.


   Skills:
 - Level 1.5 Fighting
 + Level 6.3 Ranged Weapons
 - Level 2.4 Dodging
 - Level 1.2 Stealth


You had one spell level left.
You didn't know any spells.
Your spell library was empty.

Inventory:

Hand Weapons
 d - a +0 shortbow of draining (weapon)
Armour
 c - a +0 leather armour (worn)
 i - a +0 pair of boots (worn)
Potions
 f - a potion of mutation

Dungeon Overview and Level Annotations

Branches:
Dungeon (2/15)

Altars:

Annotations:
D:2 Sigmund


Message History

What level of the Dungeon? (default 1, ? - help)
There is an open door here.
There is an open door here.
There is a stone staircase leading down here.
You climb downwards.
There is a stone staircase leading up here.
Waypoint 1 assigned to D:2.
Sigmund the Dreaded comes into view.
He is wielding a +0 scythe.
Sigmund shouts!
Sigmund points at you and mumbles some strange words.
You are confused.
975 ||| DRINKING golden potion.
It was a potion of heal wounds.
You feel much better. Sigmund gestures at you while chanting.
You are more confused.
Sigmund casts a spell at you. You resist with significant effort.
Sigmund gestures at you while chanting. The magic dart hits you!
Ouch! That really hurt!
Sigmund misses you. Sigmund barely misses you. Sigmund closely misses you.
Sigmund barely misses you.
You feel less confused. Sigmund barely misses you.
You shoot an arrow. The arrow closely misses Sigmund.
You shoot an arrow.
The arrow hits Sigmund but does no damage.
You drain Sigmund.
Sigmund is lightly wounded.
Sigmund casts a spell at you. The puff of flame hits you.
You shoot an arrow. The arrow hits Sigmund.
You drain Sigmund.
Sigmund is heavily wounded.
Sigmund casts a spell at you. The magic dart hits you!
Ouch! That really hurt!
You die...
Sigmund begins carving another notch in his scythe.

#############
#......<....#
#.#########.#
#.# #.# #.#
#.# #.# #@#
#...@.......#
........####.#
#########


You could see Sigmund (very drained).

Vanquished Creatures
  A dart slug (D:1)
  An endoplasm (D:1)
  A giant cockroach (D:1)
  A goblin (D:1)
  2 hobgoblins (D:1)
  2 kobolds (D:1)
  2 quokkas (D:1)
  3 ball pythons (D:1)
  A bat (D:1)
  A rat (D:1)
15 creatures vanquished.

Notes
Turn   | Place    | Note
-------+----------+-------------------------------------------
     0 | D:1      | qw the Deep Elf Hunter began the quest for the Orb.
     0 | D:1      | Reached XP level 1. HP: 12/12 MP: 3/3
     0 | D:1      | 0 ||| qw: Version: 0.3-a-157-g843a77d
     0 | D:1      | 0 ||| qw: Game counter: 3973
     0 | D:1      | 0 ||| qw: Melee chars always use a shield: true
     0 | D:1      | 0 ||| qw: God list: Okawaru
     0 | D:1      | 0 ||| qw: Allow faded altars: false
     0 | D:1      | 0 ||| qw: Do Orc after clearing Dungeon:15 true
     0 | D:1      | 0 ||| qw: Do second Lair branch before Depths: true
     0 | D:1      | 0 ||| qw: Lair rune preference: random
     0 | D:1      | 0 ||| qw: Goals: Normal
     0 | D:1      | 0 ||| PLANNING D:1-11
   250 | D:1      | Reached skill level 6 in Ranged Weapons
   250 | D:1      | Reached XP level 2. HP: 16/16 MP: 4/4
   810 | D:1      | 810 ||| UPGRADING to +0 pair of boots.
   815 | D:1      | 815 ||| READING scroll labelled SINUKYPLOH.
   815 | D:1      | Identified a scroll of acquirement
   815 | D:1      | 815 ||| ACQUIRING +0 shortbow of draining
   815 | D:1      | Acquired a +0 shortbow of draining
   817 | D:1      | 817 ||| SWAPPING to +0 shortbow of draining.
   818 | D:1      | 818 ||| DROPPING +0 shortbow.
   819 | D:1      | 819 ||| READING scroll labelled VIQUFA LENO.
   920 | D:1      | 920 ||| READING scroll labelled ZOBRYIL KUPA.
   920 | D:1      | 920 ||| IDENTIFYING clear potion
   921 | D:1      | 921 ||| READING scroll labelled TOESIRIFRE.
   924 | D:1      | 924 ||| DROPPING scroll of butterflies.
   974 | D:2      | Noticed Sigmund
   975 | D:2      | 975 ||| DRINKING golden potion.
   990 | D:2      | Killed from afar by Sigmund

Levels and vault maps discovered:
D:1:      heliophobic_arrival_henge, layout_loops_corners
D:2:      layout_loops_ring, basic_altar, st_stairs_1, uniq_sigmund,
          uniq_jessica, uniq_natasha

Skill      XL: |  1 |
---------------+----+-----
Ranged Weapons | 6 |  6.3
Fighting       | |  1.5
Dodging        | |  2.4
Stealth        | |  1.2

Action                     || total
---------------------------++-------
   Fire: Shortbow          ||    29
    Use: Scroll            ||     4
         Potion            ||     1
 Armour: Leather armour    ||     3
  Dodge: Dodged            ||     8

Table legend:
 A = Non-vault XP
 B = Vault XP
 C = Vault XP percentage of total XP
 D = Non-vault monster count
 E = Vault monster count
 F = Vault count percentage of total count
                 A         B        C        D         E       F
            +---------+---------+-------+---------+---------+-------
      Total |      27 |       0 |   0.0 |      15 |       0 |   0.0
            +---------+---------+-------+---------+---------+-------
        D:1 |      27 |       0 |   0.0 |      15 |       0 |   0.0
            +---------+---------+-------+---------+---------+-------
